NYP
MINNESOTA (NYP) TWINS @ EVERETT AQUASOX
04/01/2044
 
TOP OF THE 1ST
Minnesota (NYP) Twins batting - Pitching for Everett AquaSox : RHP Ian Gaines
Pitching: RHP Ian Gaines
Batting: LHB Chris Munguia 0-0: DOUBLE (Line Drive, 89D, EV 111.3 MPH)
Batting: RHB David Nardone 0-0: Ball
1-0: Called Strike
1-1: Foul Ball, location: 2F
1-2: SINGLE (Flyball, 78S, EV 88.8 MPH)
Chris Munguia to third
Runner from 3rd tries for Home, SAFE, throw by LF to home
Batting: RHB Miguel Diaz 0-0: Ball
David Nardone is caught stealing 2nd base 2-4
1-0: Ball
2-0: Called Strike
2-1: Swinging Strike
2-2: Strikes out swinging
Batting: RHB Jose Nunez 0-0: Called Strike
0-1: Swinging Strike
0-2: Ball
1-2: Ball
2-2: Strikes out looking
Top of the 1st over - 1 run, 2 hits, 0 errors, 0 left on base; Minnesota (NYP) 1 - Everett 0
BOTTOM OF THE 1ST
Everett AquaSox batting - Pitching for Minnesota (NYP) Twins : RHP Dean Huch
Pitching: RHP Dean Huch
Batting: RHB Mike Conaway 0-0: Ball
1-0: Called Strike
1-1: Ground out 3-1 (Groundball, 34, EV 91.3 MPH)
Batting: RHB Heihachiro Fujita 0-0: Called Strike
0-1: Ball
1-1: Ball
2-1: DOUBLE (Line Drive, 8LD, EV 106.3 MPH)
Batting: RHB Tze-meng Li 0-0: Called Strike
Heihachiro Fujita steals 3rd base
0-1: Reached on error, E5 (Groundball, 56, EV 88.1 MPH)
Heihachiro Fujita scores
Batting: RHB Chris Olheiser 0-0: Called Strike
0-1: Swinging Strike
0-2: SINGLE (Line Drive, 89S, EV 107.5 MPH)
Tze-meng Li to second
Batting: LHB Taki Matsui 0-0: Ball
1-0: 3-RUN HOME RUN (Flyball, 9D, EV 96.9 MPH), Distance : 357 ft
Batting: RHB Ivan Davila 0-0: Ball
1-0: Ball
2-0: Ball
3-0: Base on Balls
Batting: RHB Chris Van Niel 0-0: Called Strike
0-1: Foul Ball, location: 2F
0-2: Strikes out looking
Batting: RHB David Greene 0-0: Ground out 4-3 (Groundball, 4, EV 86.9 MPH)
Bottom of the 1st over - 4 runs, 3 hits, 1 error, 1 left on base; Minnesota (NYP) 1 - Everett 4
TOP OF THE 2ND
Minnesota (NYP) Twins batting - Pitching for Everett AquaSox : RHP Ian Gaines
Batting: RHB Michael McDonald 0-0: Ball
1-0: Ball
2-0: Fly out, F8 (Flyball, 89S, EV 89.4 MPH)
Batting: RHB Sean Gould 0-0: Ball
1-0: Ball
2-0: Called Strike
2-1: Fly out, F9 (Flyball, 89M, EV 85.0 MPH)
Batting: RHB Graham Calvert 0-0: Called Strike
0-1: Ball
1-1: Ball
2-1: Ball
3-1: Foul Ball, location: 2F
3-2: Strikes out swinging
Top of the 2nd over - 0 runs, 0 hits, 0 errors, 0 left on base; Minnesota (NYP) 1 - Everett 4
BOTTOM OF THE 2ND
Everett AquaSox batting - Pitching for Minnesota (NYP) Twins : RHP Dean Huch
Batting: RHB Victor Rosas 0-0: Swinging Strike
0-1: SINGLE (Line Drive, 6MD, EV 96.9 MPH)
Batting: RHB Mike Conaway 0-0: Ball
1-0: Called Strike
1-1: Ball
2-1: Ball
3-1: Fly out, F6 (Line Drive, 6, EV 64.4 MPH)
Batting: RHB Heihachiro Fujita 0-0: Reached on error, E4 (Groundball, 13, EV 90.0 MPH)
Victor Rosas to second
Batting: RHB Tze-meng Li 0-0: Called Strike
0-1: Ball
1-1: Ground out 5-3 (Groundball, 56S, EV 68.1 MPH)
Victor Rosas to third
Heihachiro Fujita to second
Batting: RHB Chris Olheiser 0-0: Ball
1-0: Ball
2-0: Called Strike
2-1: Ground out 3-1 (Groundball, 34, EV 86.9 MPH)
Bottom of the 2nd over - 0 runs, 1 hit, 1 error, 2 left on base; Minnesota (NYP) 1 - Everett 4
TOP OF THE 3RD
Minnesota (NYP) Twins batting - Pitching for Everett AquaSox : RHP Ian Gaines
Batting: RHB Tony Crespo 0-0: Ball
1-0: Called Strike
1-1: Swinging Strike
1-2: Strikes out swinging
Batting: SHB Donell Burney 0-0: Ball
1-0: Ground out 5-3 (Groundball, 56S, EV 85.6 MPH)
Batting: LHB Chris Munguia 0-0: Called Strike
0-1: Ball
1-1: Ground out 4-3 (Groundball, 4S, EV 91.3 MPH)
Top of the 3rd over - 0 runs, 0 hits, 0 errors, 0 left on base; Minnesota (NYP) 1 - Everett 4
BOTTOM OF THE 3RD
Everett AquaSox batting - Pitching for Minnesota (NYP) Twins : RHP Dean Huch
Batting: LHB Taki Matsui 0-0: SINGLE (Groundball, 4MD, EV 103.8 MPH)
Batting: RHB Ivan Davila 0-0: Ball
1-0: Ball
2-0: Ball
3-0: Called Strike
3-1: Foul Ball, location: 2F
3-2: Fly out, F9 (Flyball, 89M, EV 91.9 MPH)
Batting: RHB Chris Van Niel 0-0: Called Strike
0-1: Swinging Strike
0-2: Foul Ball, location: 2F
0-2: Ball
Wild Pitch!
Taki Matsui to second
1-2: Foul Ball, location: 2F
1-2: Foul Ball, location: 2F
1-2: Ground out 6-3 (Groundball, 6, EV 110.0 MPH)
Batting: RHB David Greene 0-0: Ball
1-0: Ball
Passed Ball!
Taki Matsui to third
2-0: Ball
3-0: Called Strike
3-1: SINGLE (Groundball, 34D, EV 103.1 MPH)
Taki Matsui scores
Batting: RHB Victor Rosas 0-0: Foul Ball, location: 2F
0-1: Ball
1-1: SINGLE (Groundball, 56D, EV 103.1 MPH)
David Greene to second
Batting: RHB Mike Conaway 0-0: Ball
1-0: Called Strike
1-1: Called Strike
1-2: SINGLE (Groundball, 6D, EV 105.0 MPH)
David Greene to third
Victor Rosas to second
Runner from 3rd tries for Home, SAFE, throw by LF to home
Pitching: RHP Matt Lundy
Batting: RHB Heihachiro Fujita 0-0: Ball
1-0: Called Strike
1-1: Ball
2-1: Ball
3-1: Base on Balls
Victor Rosas to third
Mike Conaway to second
Batting: RHB Tze-meng Li 0-0: Ground out 1-3 (Groundball, 34S, EV 66.9 MPH)
Bottom of the 3rd over - 2 runs, 4 hits, 0 errors, 3 left on base; Minnesota (NYP) 1 - Everett 6
TOP OF THE 4TH
Minnesota (NYP) Twins batting - Pitching for Everett AquaSox : RHP Ian Gaines
Batting: RHB David Nardone 0-0: Called Strike
0-1: Ball
1-1: SINGLE (Line Drive, 89S, EV 105.6 MPH)
Batting: RHB Miguel Diaz 0-0: Ball
1-0: Called Strike
David Nardone steals 2nd base
1-1: Ball
2-1: Foul Ball, location: 2F
2-2: Ball
3-2: Base on Balls
Batting: RHB Jose Nunez 0-0: Fly out, F8 (Flyball, 78D, EV 75.0 MPH)
Batting: RHB Michael McDonald 0-0: Called Strike
0-1: Ball
1-1: Ball
David Nardone steals 3rd base (no throw)
2-1: Foul Ball, location: 2F
2-2: Ball
3-2: Strikes out swinging
Batting: RHB Sean Gould 0-0: Ground out 4-3 (Groundball, 4, EV 85.0 MPH)
Top of the 4th over - 0 runs, 1 hit, 0 errors, 2 left on base; Minnesota (NYP) 1 - Everett 6
BOTTOM OF THE 4TH
Everett AquaSox batting - Pitching for Minnesota (NYP) Twins : RHP Matt Lundy
Batting: RHB Chris Olheiser 0-0: Ball
1-0: SINGLE (Flyball, 78S, EV 93.8 MPH)
Batting: LHB Taki Matsui 0-0: Called Strike
0-1: Ball
1-1: Foul Ball, location: 2F
1-2: Strikes out swinging
Batting: RHB Ivan Davila 0-0: Called Strike
0-1: Ball
1-1: Ball
2-1: Foul Ball, location: 2F
2-2: Ball
3-2: Strikes out swinging
Batting: RHB Chris Van Niel 0-0: Foul Ball, location: 2F
0-1: Ball
1-1: Ball
2-1: Called Strike
2-2: Ball
3-2: Foul Ball, location: 2F
3-2: TRIPLE (Flyball, 78XD, EV 108.1 MPH)
Chris Olheiser scores
Batting: RHB David Greene 0-0: Ball
1-0: Swinging Strike
1-1: Foul Ball, location: 2F
1-2: Strikes out swinging
Bottom of the 4th over - 1 run, 2 hits, 0 errors, 1 left on base; Minnesota (NYP) 1 - Everett 7
TOP OF THE 5TH
Minnesota (NYP) Twins batting - Pitching for Everett AquaSox : RHP Ian Gaines
Batting: RHB Graham Calvert 0-0: Swinging Strike
0-1: Ball
1-1: Called Strike
1-2: Foul Ball, location: 2F
1-2: Foul Ball, location: 2F
1-2: Foul Ball, location: 2F
1-2: Ball
2-2: Foul Ball, location: 2F
2-2: Ground out 3-1 (Groundball, 34, EV 87.5 MPH)
Batting: RHB Tony Crespo 0-0: Ball
1-0: Swinging Strike
1-1: Foul Ball, location: 2F
1-2: Ball
2-2: Strikes out swinging
Batting: SHB Donell Burney 0-0: Swinging Strike
0-1: Ball
1-1: Swinging Strike
1-2: Foul Ball, location: 2F
1-2: Foul Ball, location: 2F
1-2: Ball
2-2: Strikes out swinging
Top of the 5th over - 0 runs, 0 hits, 0 errors, 0 left on base; Minnesota (NYP) 1 - Everett 7
BOTTOM OF THE 5TH
Everett AquaSox batting - Pitching for Minnesota (NYP) Twins : RHP Matt Lundy
Batting: RHB Victor Rosas 0-0: Ground out 6-3 (Groundball, 6, EV 86.3 MPH)
Batting: RHB Mike Conaway 0-0: Ball
1-0: Ball
2-0: Ball
3-0: Base on Balls
Batting: RHB Heihachiro Fujita 0-0: Foul Ball, location: 2F
0-1: Called Strike
Mike Conaway steals 2nd base
0-2: Ball
1-2: Ball
2-2: Foul Ball, location: 2F
2-2: Ball
3-2: Base on Balls
Batting: RHB Tze-meng Li 0-0: Called Strike
0-1: Ball
1-1: Ball
2-1: Swinging Strike
2-2: Ball
3-2: SINGLE (Groundball, 4D, EV 100.6 MPH)
Mike Conaway to third
Heihachiro Fujita to second
Runner from 3rd tries for Home, SAFE, throw by CF to home
Batting: RHB Chris Olheiser 0-0: SINGLE (Groundball, 6M, EV 80.0 MPH) (infield hit)
Heihachiro Fujita to third
Tze-meng Li to second
Batting: LHB Taki Matsui 0-0: Called Strike
0-1: Ball
1-1: Called Strike
1-2: Foul Ball, location: 2F
1-2: Strikes out swinging
Batting: RHB Ivan Davila 0-0: Ball
1-0: Ball
2-0: Foul Ball, location: 2F
2-1: Foul Ball, location: 2F
2-2: Fielders Choice at 2nd, 6-4 (Groundball, 6, EV 82.5 MPH)
Bottom of the 5th over - 1 run, 2 hits, 0 errors, 3 left on base; Minnesota (NYP) 1 - Everett 8
TOP OF THE 6TH
Minnesota (NYP) Twins batting - Pitching for Everett AquaSox : RHP Ian Gaines
Batting: LHB Chris Munguia 0-0: SINGLE (Line Drive, 8LS, EV 111.9 MPH)
Batting: RHB David Nardone 0-0: Called Strike
0-1: Called Strike
0-2: Strikes out swinging
Batting: RHB Miguel Diaz 0-0: Ball
1-0: Ball
2-0: Called Strike
2-1: Ball
3-1: Base on Balls
Chris Munguia to second
Batting: RHB Jose Nunez 0-0: Ball
1-0: Called Strike
1-1: Fly out, F7 (Flyball, 7, EV 88.1 MPH)
Batting: RHB Michael McDonald 0-0: Ball
1-0: Ball
2-0: Ball
3-0: Called Strike
3-1: Foul Ball, location: 2F
3-2: Foul Ball, location: 2F
3-2: Foul Ball, location: 2F
3-2: Base on Balls
Chris Munguia to third
Miguel Diaz to second
Batting: RHB Sean Gould 0-0: Ball
1-0: Ball
2-0: TRIPLE (Flyball, 9D, EV 96.9 MPH)
Chris Munguia scores
Miguel Diaz scores
Michael McDonald scores
Batting: RHB Graham Calvert 0-0: Called Strike
0-1: Ball
1-1: Ball
2-1: SINGLE (Line Drive, 7LS, EV 112.5 MPH)
Sean Gould scores
Batting: RHB Tony Crespo 0-0: Swinging Strike
0-1: Ball
1-1: Ball
2-1: Foul Ball, location: 2F
2-2: Strikes out swinging
Top of the 6th over - 4 runs, 3 hits, 0 errors, 1 left on base; Minnesota (NYP) 5 - Everett 8
BOTTOM OF THE 6TH
Everett AquaSox batting - Pitching for Minnesota (NYP) Twins : RHP Matt Lundy
Batting: RHB Chris Van Niel 0-0: Ball
1-0: Called Strike
1-1: Called Strike
1-2: Foul Ball, location: 2F
1-2: Strikes out swinging
Pitching: LHP Mike Horton
Batting: RHB David Greene 0-0: Foul Ball, location: 2F
0-1: Ball
1-1: Called Strike
1-2: Ball
2-2: Strikes out swinging
Batting: RHB Victor Rosas 0-0: Ball
1-0: Called Strike
1-1: Ball
2-1: Ball
3-1: Ground out 4-3 (Groundball, 34, EV 89.4 MPH)
Bottom of the 6th over - 0 runs, 0 hits, 0 errors, 0 left on base; Minnesota (NYP) 5 - Everett 8
TOP OF THE 7TH
Minnesota (NYP) Twins batting - Pitching for Everett AquaSox : RHP Ian Gaines
Pitching: RHP Sid Lampone
Batting: SHB Donell Burney 0-0: Ball
1-0: Ball
2-0: Ball
3-0: Called Strike
3-1: Foul Ball, location: 2F
3-2: Base on Balls
Batting: LHB Chris Munguia 0-0: DOUBLE (Flyball, 8RXD, EV 106.3 MPH)
Donell Burney to third
Runner from 3rd tries for Home, SAFE, throw by CF to trailing runner, SAFE at third!
Batting: RHB David Nardone 0-0: Ball
1-0: SINGLE (Line Drive, 34D, EV 97.5 MPH)
Chris Munguia scores
Batting: RHB Miguel Diaz 0-0: Ball
1-0: Ball
2-0: Foul Ball, location: 2F
2-1: DOUBLE (Line Drive, 3D, EV 98.1 MPH)
David Nardone to third
Batting: RHB Jose Nunez 0-0: Ball
1-0: Foul Ball, location: 2F
1-1: Fly out, F8 (Flyball, 78D, EV 102.5 MPH)
Runner from 3rd tags up, SCORES, throw by CF
Pitching: LHP Adam Parrish
Batting: RHB Michael McDonald 0-0: Called Strike
0-1: Swinging Strike
0-2: Strikes out swinging
Batting: RHB Sean Gould 0-0: SINGLE (Groundball, P, EV 85.0 MPH) (infield hit)
Miguel Diaz to third
Batting: RHB Graham Calvert 0-0: Ball
1-0: Foul Ball, location: 2F
1-1: Ball
2-1: Ball
3-1: Base on Balls
Sean Gould to second
Batting: RHB Tony Crespo 0-0: Called Strike
0-1: Ball
1-1: Called Strike
1-2: Ball
2-2: Ball
3-2: Foul Ball, location: 2F
3-2: Base on Balls
Miguel Diaz scores
Sean Gould to third
Graham Calvert to second
Batting: SHB Donell Burney 0-0: Ball
1-0: Called Strike
1-1: Swinging Strike
Passed Ball!
Sean Gould scores
Graham Calvert to third
Tony Crespo to second
1-2: Ball
2-2: Foul Ball, location: 2F
2-2: Ball
3-2: Foul Ball, location: 2F
3-2: Ground out 5-3 (Groundball, 56, EV 81.3 MPH)
Top of the 7th over - 5 runs, 4 hits, 0 errors, 2 left on base; Minnesota (NYP) 10 - Everett 8
BOTTOM OF THE 7TH
Everett AquaSox batting - Pitching for Minnesota (NYP) Twins : LHP Mike Horton
Batting: RHB Mike Conaway 0-0: Ball
1-0: Ground out 5-3 (Groundball, 5, EV 80.6 MPH)
Batting: RHB Heihachiro Fujita 0-0: Swinging Strike
0-1: Ball
1-1: Ball
2-1: Fly out, F7 (Flyball, 7, EV 86.9 MPH)
Batting: RHB Tze-meng Li 0-0: Ball
1-0: Called Strike
1-1: SINGLE (Groundball, 4M, EV 102.5 MPH) (infield hit)
Batting: RHB Chris Olheiser 0-0: Called Strike
0-1: Called Strike
0-2: Strikes out swinging
Bottom of the 7th over - 0 runs, 1 hit, 0 errors, 1 left on base; Minnesota (NYP) 10 - Everett 8
TOP OF THE 8TH
Minnesota (NYP) Twins batting - Pitching for Everett AquaSox : LHP Adam Parrish
Pitching: RHP Marty Maginnis
Batting: LHB Chris Munguia 0-0: Ball
1-0: Called Strike
1-1: Called Strike
1-2: Ball
2-2: Ball
3-2: Base on Balls
Batting: RHB David Nardone 0-0: Ball
Chris Munguia steals 2nd base
1-0: Ground out 4-3 (Groundball, 4, EV 88.1 MPH)
Chris Munguia to third
Batting: RHB Miguel Diaz 0-0: Ball
1-0: TRIPLE (Line Drive, 89XD, EV 104.4 MPH)
Chris Munguia scores
Batting: RHB Jose Nunez 0-0: Called Strike
0-1: Ball
1-1: Swinging Strike
1-2: Ball
2-2: Ball
3-2: Base on Balls
Batting: RHB Michael McDonald 0-0: Ball
1-0: Ground out 5-3 (Groundball, 5, EV 79.4 MPH)
Jose Nunez to second
Batting: RHB Sean Gould 0-0: Swinging Strike
0-1: Swinging Strike
0-2: Foul Ball, location: 2F
0-2: Ball
1-2: Ground out 5-3 (Groundball, 56S, EV 80.6 MPH)
Top of the 8th over - 1 run, 1 hit, 0 errors, 2 left on base; Minnesota (NYP) 11 - Everett 8
BOTTOM OF THE 8TH
Everett AquaSox batting - Pitching for Minnesota (NYP) Twins : LHP Mike Horton
Batting: LHB Taki Matsui 0-0: Ball
1-0: Swinging Strike
1-1: Fly out, F8 (Line Drive, 8LM, EV 96.9 MPH)
Batting: RHB Ivan Davila 0-0: Called Strike
0-1: Ball
1-1: Foul Ball, location: 2F
1-2: Ball
2-2: Foul Ball, location: 2F
2-2: Strikes out looking
Batting: RHB Chris Van Niel 0-0: Called Strike
0-1: Called Strike
0-2: Ball
1-2: Ball
2-2: Strikes out looking
Bottom of the 8th over - 0 runs, 0 hits, 0 errors, 0 left on base; Minnesota (NYP) 11 - Everett 8
TOP OF THE 9TH
Minnesota (NYP) Twins batting - Pitching for Everett AquaSox : RHP Marty Maginnis
Batting: RHB Graham Calvert 0-0: Called Strike
0-1: Ball
1-1: Ball
2-1: Ball
3-1: Fly out, F7 (Flyball, 7D, EV 92.5 MPH)
Batting: RHB Tony Crespo 0-0: Ball
1-0: Called Strike
1-1: Called Strike
1-2: Ball
2-2: Strikes out swinging
Batting: SHB Donell Burney 0-0: Ball
1-0: Swinging Strike
1-1: Swinging Strike
1-2: Strikes out swinging
Top of the 9th over - 0 runs, 0 hits, 0 errors, 0 left on base; Minnesota (NYP) 11 - Everett 8
BOTTOM OF THE 9TH
Everett AquaSox batting - Pitching for Minnesota (NYP) Twins : LHP Mike Horton
Batting: RHB David Greene 0-0: Called Strike
0-1: Foul Ball, location: 2F
0-2: Ball
1-2: Ball
2-2: Strikes out looking
Batting: RHB Victor Rosas 0-0: Called Strike
0-1: Swinging Strike
0-2: Foul Ball, location: 2F
0-2: SINGLE (Groundball, 56D, EV 93.8 MPH)
Batting: RHB Mike Conaway 0-0: Called Strike
0-1: Ball
1-1: Ball
2-1: Ball
3-1: Called Strike
3-2: DOUBLE (Flyball, 8LXD, EV 101.9 MPH)
Victor Rosas to third
Batting: RHB Heihachiro Fujita 0-0: Ground out 6-3 (Groundball, 6, EV 93.1 MPH)
Victor Rosas scores
Batting: RHB Tze-meng Li 0-0: Called Strike
0-1: Ground out 1-3 (Groundball, 13, EV 65.6 MPH)
Bottom of the 9th over - 1 run, 2 hits, 0 errors, 1 left on base; Minnesota (NYP) 11 - Everett 9
Thursday, March 31st , 2022 - OOTP Baseball 22.12 Build 89